 Dungeon Crawl Stone Soup version 0.21.1-1-g345015fe64 (webtiles) character file.

138 Analysis the Grave Robber (level 5, 0/28 HPs)
             Began as a Deep Elf Necromancer on July 26, 2018.
             Slain by brittlin's ghost (14 damage)
             ... on level 3 of the Dungeon.
             The game lasted 00:22:22 (3264 turns).

Analysis the Grave Robber (Deep Elf Necromancer)    Turns: 3264, Time: 00:22:23

Health: 0/28       AC:  6    Str:  5    XL:     5   Next: 1%
Magic:  13/13      EV: 14    Int: 21    God:
Gold:   136        SH:  0    Dex: 15    Spells: 7/12 levels left

rFire    . . .     SeeInvis .   j - +1 dagger (venom)
rCold    . . .     Gourm    .   (no shield)
rNeg     . . .     Faith    .   a - +0 robe
rPois    .         Spirit   .   (no helmet)
rElec    .         Reflect  .   p - +0 cloak
rCorr    .         Harm     .   g - +2 pair of gloves
MR       .....                  (no boots)
Stlth    ++........             (no amulet)
HPRegen  0.09/turn              (no ring)
MPRegen  0.13/turn              (no ring)

@: no status effects
A: no striking features
a: no special abilities


You were on level 3 of the Dungeon.
You were hungry.

You visited 1 branch of the dungeon, and saw 3 of its levels.

You collected 136 gold pieces.

Inventory:

Hand Weapons
 j - a +1 dagger of venom (weapon)
Armour
 a - a +0 robe (worn)
 g - a +2 pair of gloves (worn)
 p - a +0 cloak (worn)
Jewellery
 e - a cursed -3 ring of intelligence {unknown}
 h - an uncursed ring of protection from magic {unknown}
 o - an uncursed amulet of faith {unknown}
Wands
 s - a wand of scattershot (5)
Scrolls
 d - 3 scrolls of identify {unknown}
 f - a scroll of teleportation {unknown}
 i - a scroll of amnesia {unknown}
 k - a scroll of noise {unknown}
 m - a scroll of fog {unknown}
 n - a scroll of random uselessness {unknown}
 r - a scroll of immolation {unknown}
Potions
 l - a potion of mutation {unknown}
 t - a potion of curing {unknown}
Books
 b - a book of Necromancy

   Spells                             Type                      Level
   a - Pain                           Necromancy                   1
   b - Animate Skeleton               Necromancy                   1
   c - Vampiric Draining              Necromancy                   3
   d - Regeneration                   Charms/Necromancy            3
   e - Animate Dead                   Necromancy                   4
   f - Borgnjor's Vile Clutch         Necromancy/Earth             5
Comestibles
 c - 6 rations
 q - a chunk of flesh


   Skills:
 + Level 3.7 Dodging
 - Level 2.4 Stealth
 * Level 4.3 Spellcasting
 + Level 6.4 Necromancy


You had 7 spell levels left.
You knew the following spells:

 Your Spells              Type           Power        Failure   Level  Hunger
a - Pain                  Necr           ####         1%          1    None
b - Animate Skeleton      Necr           N/A          1%          1    None
c - Vampiric Draining     Necr           ####......   2%          3    ##.....


Dungeon Overview and Level Annotations

Branches:
Dungeon (3/15)

Altars:
Fedhas
Vehumet

Annotations:
D:2 Sigmund
D:3 brittlin's ghost, weakling HOFi


Message History

Found 11 gold pieces.
Found a scroll labeled QIFFOP VIOPU.
Found a long sword.
You now have 136 gold pieces (gained 11).
d - 3 scrolls labeled QIFFOP VIOPU (gained 1) Brittlin's ghost (weakling Hill Orc Fighter) comes into view.
You swap places.
Brittlin's ghost hits your rat skeleton!
Your rat skeleton is destroyed!
Brittlin's ghost laughs, "And you think you're capable of finding the ORB?
I had it, you know.
Then I gave it away so I could steal it AGAIN."
Brittlin's ghost boasts, "I have defeated monsters you have never seen."
Brittlin's ghost lets out a mournful wail.
Some of the chunks of flesh in your inventory have rotted away.
There is a stone staircase leading down here.
You hit brittlin's ghost but do no damage.
Brittlin's ghost hits you!
Ouch! That really hurt!
Brittlin's ghost hits you!
Ouch! That really hurt!
You die...

#.o #.........##.# #.# ##
#............# #.#..
#.#.#.###.###....# #### #.#.#
#.#.# #.# ####.# ...# #.#<##.#
#.#.# #.# ##.# #....#.# #.#.#
#.# #.# ##....#.# #.#.# #.###
#.#####.......###.#.###...#
#..............@W.......#......
#######...................#####
###...#######.#######
#.....Z.....# #############


You could see brittlin's ghost.

Vanquished Creatures
  Crazy Yiuf (D:2)
  A worker ant (D:3)
  2 adders (D:3)
  2 oozes
  2 worms (D:2)
  3 dart slugs (D:1)
  3 leopard geckos
  An orc (D:3)
  4 goblins
  7 hobgoblins
  A quokka (D:3)
  6 bats
  5 kobolds
  6 rats
44 creatures vanquished.

Vanquished Creatures (collateral kills)
  A dart slug (D:2)
  A giant cockroach (D:1)
  2 rats (D:1)
4 creatures vanquished.

Grand Total: 48 creatures vanquished

Notes
Turn   | Place    | Note
-------+----------+-------------------------------------------
     0 | D:1      | Analysis the Deep Elf Necromancer began the quest for the Orb.
     0 | D:1      | Reached XP level 1. HP: 10/10 MP: 6/6
     3 | D:1      | Learned a level 1 spell: Animate Skeleton
   524 | D:1      | Reached skill level 5 in Necromancy
   640 | D:1      | Reached XP level 2. HP: 9/15 MP: 5/8
  1151 | D:1      | Reached XP level 3. HP: 19/19 MP: 10/10
  1540 | D:2      | Learned a level 3 spell: Vampiric Draining
  1557 | D:2      | Found a radiant altar of Vehumet.
  2142 | D:2      | Found a blossoming altar of Fedhas.
  2184 | D:2      | Noticed Sigmund
  2217 | D:2      | Found a runed door.
  2221 | D:2      | Noticed Crazy Yiuf
  2225 | D:2      | Killed Crazy Yiuf
  2225 | D:2      | Reached skill level 6 in Necromancy
  2225 | D:2      | Reached XP level 4. HP: 20/24 MP: 7/12
  3137 | D:3      | Reached XP level 5. HP: 28/28 MP: 11/13
  3238 | D:3      | Noticed brittlin's ghost (weakling HOFi)
  3264 | D:3      | Slain by brittlin's ghost

Skill      XL: |  1  2  3 |
---------------+----------+-----
Necromancy     | 5 6 |  6.4
Dodging        | 3 |  3.7
Spellcasting   | 4 |  4.3
Stealth        | |  2.4

Action                   |  1- 3 |  4- 6 || total
-------------------------+-------+-------++-------
Melee: Whip              |     6 |       ||     6
       Dagger            |     4 |     2 ||     6
       Short sword       |     2 |       ||     2
 Cast: Pain              |    51 |    20 ||    71
       Animate Skeleton  |    11 |     5 ||    16
 Stab: Sleeping          |     2 |     1 ||     3
  Eat: Chunk             |     4 |     2 ||     6
Armor: Robe              |     4 |     1 ||     5
Dodge: Dodged            |    15 |     1 ||    16
